 Dungeon Crawl Stone Soup version 0.29.0-4-gdea44cf6ec (webtiles) character file.

Game seed: 3987232417220232016

260 qw the Ruffian (level 5, -5/50 HPs)
             Began as a Troll Cinder Acolyte on Sept 2, 2022.
             Was a High Priest of Ignis.
             Killed by divine providence
             ... invoked by an orc priest
              (12 damage)
             ... on level 3 of the Dungeon.
             The game lasted 00:01:38 (2433 turns).

qw the Ruffian (Troll Cinder Acolyte)               Turns: 2433, Time: 00:01:39

Health: -5/50      AC: 11    Str: 24    XL:     5   Next: 95%
Magic:  5/5        EV:  6    Int: 10    God:    Ignis [*****.]
Gold:   197        SH: 10    Dex:  5    Spells: 6/6 levels left

rFire   + . .      SeeInvis .     - Unarmed
rCold   . . .      Faith    .   d - +0 tower shield
rNeg    . . .      Spirit   .   a - +0 robe
rPois   .          Reflect  .   (helmet restricted)
rElec   .          Harm     .   (no cloak)
rCorr   .          Rampage  .   (gloves unavailable)
Will    .....                   (boots unavailable)
Stlth   +.........              (no amulet)
HPRegen 0.96/turn               (no ring)
MPRegen 0.09/turn               (no ring)

@: about to teleport, fiery-armoured
A: large, unfitting armour, claws 3, regeneration 1, shaggy fur 1, tough skin 1
a: Renounce Religion, Fiery Armour, Foxfire Swarm, Rising Flame


You were on level 3 of the Dungeon.
You worshipped Ignis.
Ignis was extremely pleased with you.
You visited 1 branch of the dungeon, and saw 3 of its levels.

You collected 197 gold pieces.


Innate Abilities, Weirdness & Mutations

You are too large for most types of armour.
You have claws for hands.
Your natural rate of healing is unusually fast.
You are covered in fur. (AC +1)
You have tough skin. (AC +1)


   Skills:
 - Level 2.4 Fighting
 + Level 2.8 Shields
 - Level 5.7 Unarmed Combat
 - Level 1.0 Spellcasting
 - Level 2.1 Fire Magic


You had 6 spell levels left.
You didn't know any spells.
Your spell library contained the following spells:

 Spells                   Type           Power      Damage    Failure   Level
 Scorch                   Fire           8%         2d5       83%         2

Inventory:

Armour
 a - a +0 robe (worn)
 d - a +0 tower shield (worn)
Scrolls
 g - a scroll of silence {unknown}
 k - a scroll of blinking {unknown}
Potions
 b - a potion of lignification {unknown}
 c - a potion of magic {unknown}
 e - a potion of heal wounds
 f - a potion of attraction {unknown}
 h - 2 potions of resistance {unknown}
 i - a potion of berserk rage {unknown}
 l - a potion of brilliance {unknown}

Dungeon Overview and Level Annotations

Branches:
Dungeon (3/15)

Altars:
The Shining One


Message History

You claw the goblin!
You kill the goblin!
You see here a +0 club.
You open the door.
The orc priest shouts!
There is an open door here.
Enter note:
2421 ||| Stepping ~*~*~tactically~*~*~ (hiding).
You start waiting.
An orc priest is nearby!
The orc priest hits you with a +0 falchion.
There is an open door here.
You scratch the orc priest.
The orc priest is lightly wounded.
The orc priest hits you with a +0 falchion!
You barely miss the orc priest.
The orc priest is lightly wounded.
You block the orc priest's attack.
You closely miss the orc priest.
The orc priest is lightly wounded.
The orc priest looks encouraged for a moment.
The orc priest hits you with a +0 falchion.
You claw the orc priest!
The orc priest is severely wounded.
The orc priest mumbles some strange prayers to Beogh against you.
Beogh smites you!
You closely miss the orc priest.
The orc priest is severely wounded.
The orc priest invokes the aid of Beogh against you.
Beogh smites you!
2432 ||| INVOKING Fiery Armour.
A protective cloak of flame settles atop you.
The orc priest mumbles some strange prayers to Beogh against you.
Pain shoots through your body!
2433 ||| READING scroll of teleportation.
As you read the scroll of teleportation, it crumbles to dust.
You feel strangely unstable.
The orc priest calls down the wrath of Beogh upon you.
Beogh smites you!
You die...

#.....############
#.#...............
+#####...############
.....'...............
.###.#.....##########
#.#.....# #.......
.##.###.###..##
#.####.. ..'...o.#
#...###.# #.# ####@#
#.#...#.# #.# #.##.#
#.###...# #.# #....#
#.# ###.####.#
#########.#### #.#
##......# #.........#
#.# #.......#
..........## #.#
##......##
...........# #.#
#.........
...........# #.#
#.......##
...........# #.#
#......###


You could see an orc priest.

Vanquished Creatures
  An ogre (D:3)
  3 gnolls (D:2)
  7 adders
  2 worms
  3 dart slugs
  3 orcs (D:3)
  10 endoplasms
  A giant cockroach (D:3)
  7 goblins
  9 hobgoblins
  8 kobolds
  2 quokkas (D:3)
  3 ball pythons
  5 bats
  4 frilled lizards
  7 rats
75 creatures vanquished.

Vanquished Creatures (others)
  11 plants (D:2)
11 creatures vanquished.

Grand Total: 86 creatures vanquished

Notes
Turn   | Place    | Note
-------+----------+-------------------------------------------
     0 | D:1      | qw the Troll Cinder Acolyte began the quest for the Orb.
     0 | D:1      | Reached XP level 1. HP: 22/22 MP: 1/1
     0 | D:1      | 0 ||| qw: Version: 0.1-a-97-g2dd2ca4
     0 | D:1      | 0 ||| qw: Game counter: 5009
     0 | D:1      | 0 ||| qw: Always use a shield: true
     0 | D:1      | 0 ||| qw: God list: Okawaru
     0 | D:1      | 0 ||| qw: Allow faded altars: false
     0 | D:1      | 0 ||| qw: Do Orc after D:15 true
     0 | D:1      | 0 ||| qw: Do second Lair branch before Depths: true
     0 | D:1      | 0 ||| qw: Lair rune preference: random
     0 | D:1      | 0 ||| qw: Plans: Normal
     0 | D:1      | 0 ||| PLANNING D:1-11
    61 | D:1      | 61 ||| Stepping ~*~*~tactically~*~*~ (stealth).
   102 | D:1      | 102 ||| Stepping ~*~*~tactically~*~*~ (stealth).
   131 | D:1      | Reached XP level 2. HP: 28/29 MP: 2/2
   149 | D:1      | 149 ||| Stepping ~*~*~tactically~*~*~ (stealth).
   176 | D:1      | 176 ||| Stepping ~*~*~tactically~*~*~ (hiding).
   382 | D:1      | Reached skill level 4 in Unarmed Combat
   383 | D:1      | 383 ||| Stepping ~*~*~tactically~*~*~ (hiding).
   678 | D:1      | Reached XP level 3. HP: 36/36 MP: 3/3
   822 | D:1      | 822 ||| READING 2 scrolls labelled CANOSS CUTUTIH.
   823 | D:1      | 823 ||| READING scroll labelled VODDECAKKOJUN.
   824 | D:1      | 824 ||| READING scroll labelled TEECAL CAXUM.
   825 | D:1      | 825 ||| READING scroll labelled JOREMP FUARGHIN.
   826 | D:1      | 826 ||| DRINKING 2 glowing blue potions.
   827 | D:1      | 827 ||| DROPPING scroll of amnesia.
   828 | D:1      | 828 ||| DROPPING potion of degeneration.
   851 | D:2      | 851 ||| Stepping ~*~*~tactically~*~*~ (stealth).
   852 | D:2      | 852 ||| Stepping ~*~*~tactically~*~*~ (stealth).
   922 | D:2      | 922 ||| INVOKING Fiery Armour.
   930 | D:2      | HP: 7/36 [gnoll/+0 halberd (12)]
   931 | D:2      | Reached skill level 5 in Unarmed Combat
   931 | D:2      | Reached XP level 4. HP: 9/44 MP: 4/4
   984 | D:2      | 984 ||| Stepping ~*~*~tactically~*~*~ (stealth).
   998 | D:2      | Found a glowing golden altar of the Shining One.
  1017 | D:2      | 1017 ||| Stepping ~*~*~tactically~*~*~ (stealth).
  1168 | D:2      | 1168 ||| Stepping ~*~*~tactically~*~*~ (outnumbered).
  1294 | D:2      | Reached XP level 5. HP: 50/50 MP: 5/5
  1726 | D:2      | 1726 ||| UPGRADING to +0 tower shield.
  1731 | D:2      | 1731 ||| READING scroll labelled ARICYCE NAEDGH.
  1735 | D:2      | 1735 ||| READING scroll labelled WOHYWUOBEI.
  1736 | D:2      | 1736 ||| READING scroll labelled ATEEJI ZINIWN.
  1737 | D:2      | 1737 ||| DRINKING 2 inky potions.
  1738 | D:2      | 1738 ||| DROPPING potion of flight.
  1778 | D:3      | Noticed an ogre
  1782 | D:3      | Killed an ogre
  1785 | D:3      | 1785 ||| Stepping ~*~*~tactically~*~*~ (hiding).
  1811 | D:3      | 1811 ||| Stepping ~*~*~tactically~*~*~ (outnumbered).
  1812 | D:3      | 1812 ||| Stepping ~*~*~tactically~*~*~ (outnumbered).
  1813 | D:3      | 1813 ||| Stepping ~*~*~tactically~*~*~ (outnumbered).
  1814 | D:3      | 1814 ||| Stepping ~*~*~tactically~*~*~ (outnumbered).
  1820 | D:3      | 1820 ||| Stepping ~*~*~tactically~*~*~ (stealth).
  2015 | D:3      | 2015 ||| Stepping ~*~*~tactically~*~*~ (stealth).
  2100 | D:3      | Found a faded altar of an unknown god.
  2421 | D:3      | 2421 ||| Stepping ~*~*~tactically~*~*~ (hiding).
  2432 | D:3      | 2432 ||| INVOKING Fiery Armour.
  2432 | D:3      | HP: 6/50 [orc priest/nerve-wracking pain (13)]
  2433 | D:3      | 2433 ||| READING scroll of teleportation.
  2433 | D:3      | Killed from afar by an orc priest

Levels and vault maps discovered:
D:1:      dpeg_arrival_round_c, layout_rooms, grunt_decor_mini_mirrors,
          dreamdust_mushroom_princess, nicolae_wormholes
D:2:      layout_basic, basic_altar, serial_bayou, serial_bayou_shore_b,
          serial_bayou_ford_a, serial_bayou_lagoon_a, serial_bayou_pond_a,
          corexii_hall_statues_t
D:3:      layout_basic, nicolae_ecumenical_lake_church,
          minmay_misc_feat_encased, nrook_uturn

Skill      XL: |  1  2  3  4  5 |
---------------+----------------+-----
Unarmed Combat | 4 5 |  5.7
Shields        | 2 |  2.8
Fighting       | |  2.4
Spellcasting   | |  1.0
Fire Magic     | |  2.1

Action                   |  1- 3 |  4- 6 || total
-------------------------+-------+-------++-------
Melee: Unarmed           |    89 |   114 ||   203
       Punch             |       |     1 ||     1
Invok: Fiery Armour      |     1 |     1 ||     2
  Use: Scroll            |     4 |     4 ||     8
       Potion            |     1 |     1 ||     2
Armor: Robe              |    25 |    42 ||    67
Dodge: Dodged            |    23 |    31 ||    54
Block: Tower shield      |       |    21 ||    21

Table legend:
 A = Non-vault XP
 B = Vault XP
 C = Vault XP percentage of total XP
 D = Non-vault monster count
 E = Vault monster count
 F = Vault count percentage of total count
                 A         B        C        D         E       F
            +---------+---------+-------+---------+---------+-------
      Total |     362 |      10 |   2.7 |      73 |       2 |   2.7
            +---------+---------+-------+---------+---------+-------
        D:1 |      47 |       5 |   9.6 |      26 |       1 |   3.7
        D:2 |     144 |       5 |   3.4 |      30 |       1 |   3.2
        D:3 |     171 |       0 |   0.0 |      17 |       0 |   0.0
            +---------+---------+-------+---------+---------+-------
